 Dungeon Crawl Stone Soup version 0.24-a0-139-geb6712d (webtiles) character file.

Game seed: 2316721600909648935

1870 Lanoc the Insei (level 8, 0/67 HPs)
             Began as a Green Draconian Transmuter on Mar 3, 2019.
             Was an Initiate of Ru.
             Slain by a centaur (4 damage)
             ... on level 6 of the Dungeon.
             The game lasted 00:19:59 (7438 turns).

Lanoc the Insei (Green Draconian Transmuter)        Turns: 7438, Time: 00:20:00

Health: 0/67       AC:  8    Str: 16    XL:     8   Next: 90%
Magic:  8/14       EV: 14    Int: 14    God:    Ru [......]
Gold:   330        SH:  0    Dex: 14    Spells: 8/15 levels left

rFire    + . .     SeeInvis .     - Unarmed
rCold    . . .     Gourm    .   (no shield)
rNeg     . . .     Faith    .   (armour unavailable)
rPois    +         Spirit   .   (helmet restricted)
rElec    .         Reflect  .   (no cloak)
rCorr    .         Harm     .   (no gloves)
MR       .....                  (no boots)
Stlth    +.........             (no amulet)
HPRegen  0.21/turn              d - +4 ring of strength
MPRegen  0.14/turn              r - +2 ring of protection

@: lethally poisoned (0 -> -1), short of breath, drained
A: breathe noxious fumes, unfitting armour, stinger 1, fire resistance 1, poison
resistance, cold-blooded, AC +6
a: Breathe Noxious Fumes, Renounce Religion


You were on level 6 of the Dungeon.
You worshipped Ru.
Ru was noncommittal.
You were not hungry.

You visited 2 branches of the dungeon, and saw 8 of its levels.

You collected 330 gold pieces.

Inventory:

Hand Weapons
 k - a +0 blowgun
Missiles
 a - 85 arrows
 h - 8 curare-tipped needles
Jewellery
 d - a +4 ring of strength (left hand)
 g - an uncursed ring of ice
 r - a +2 ring of protection (right hand)
Wands
 p - a wand of clouds (5)
 x - a wand of random effects (12)
Scrolls
 e - 5 scrolls of remove curse
 i - a scroll of fear {unknown}
 j - a scroll of random uselessness {unknown}
 l - a scroll of enchant armour {unknown}
 m - 3 scrolls of teleportation {unknown}
 n - 3 scrolls of identify {unknown}
 o - 2 scrolls of magic mapping {unknown}
 v - a scroll of enchant weapon
 w - a scroll of blinking {unknown}
 y - a scroll of amnesia {unknown}
Potions
 q - a potion of flight
 s - 2 potions of mutation
Comestibles
 c - 5 rations


   Skills:
 + Level 4.8(4.2) Fighting
 + Level 4.3(3.7) Dodging
 * Level 6.8(6.2) Unarmed Combat
 + Level 4.2(3.6) Spellcasting
 * Level 6.5(5.9) Transmutations


You had 8 spell levels left.
You knew the following spells:

 Your Spells              Type           Power        Failure   Level  Hunger
a - Beastly Appendage     Tmut           ###...       1%          1    None
b - Sticks to Snakes      Tmut           ###.....     2%          2    ##.....
c - Ice Form              Ice/Tmut       ##......     52%         4    ####...

Your spell library contained the following spells:

 Spells                   Type           Power        Failure   Level  Hunger
 Spider Form              Tmut/Pois      ##........   19%         3    ###....
 Blade Hands              Tmut           ###.......   45%         5    ######.


Dungeon Overview and Level Annotations

Branches:
Dungeon (7/15)             Temple (1/1) D:7

Altars:
Ashenzari
Cheibriados
Dithmenos
Elyvilon
Gozag
Hepliaklqana
Kikubaaqudgha
Makhleb
Nemelex Xobeh
Okawaru
Ru
Sif Muna
Trog
Uskayaw
Vehumet
Xom
Yredelemnul
Zin
The Shining One

Shops:
D:5 %


Innate Abilities, Weirdness & Mutations

You can breathe blasts of noxious fumes.
Your lurid green scales are hard. (AC +6)
You cannot fit into any form of body armour.
Your system is resistant to poisons. (rPois)
You are cold-blooded and may be slowed by cold attacks.
Your tail ends in a poisonous barb.
Your flesh is heat resistant. (rF+)


Message History

You fade into invisibility!
The centaur hits you but does no damage.
The wight hits you but does no damage. x2
You are very lightly contaminated with residual magic.
It was a potion of cancellation.
Your magical effects are unravelling.
You feel magically purged.
Your magical contamination has completely faded away.
You feel less wooden.
You flicker back into view.
The centaur barely misses you. The wight hits you but does no damage.
You are poisoned.
Casting: Sticks to Snakes (safe; 2% risk of failure)
Confirm with . or Enter, or press ? or * to list all spells.
You create a snake!
You now have 85 arrows.
You feel sick. The wight hits you with a +3 flail!
* * * LOW HITPOINT WARNING * * *
You feel drained.
* * * LOW HITPOINT WARNING * * *
The centaur hits you.
You die...

########........########
#....#
.......................###
####.#
.........................##
#....
.########...z.....(....#..#
#.... .#
#..z..(......).##.# #....
.# #######(.......##.#
#.... .# #(.......##.#
#.... .#
#zzS.....##.###.... .#
#.@......##..##.... ##
#.c......###.##.... #
#........# #..###.# #
#........# ##...... #
########## #....). #
#...... # ##.##+# # #.##.#
# #..#..


You could see a centaur (confused), 2 wights and a friendly adder.

Vanquished Creatures
  Eustachio (D:5)
  A black bear (D:7)
  2 phantoms
  2 ogres (D:4)
  A centaur (D:6)
  Blork the orc (D:5)
  2 killer bees (D:7)
  A wight (D:7)
  4 crimson imps
  A bullfrog zombie (D:5)
  A jelly (D:5)
  2 orc priests (D:5)
  A bullfrog skeleton (D:6)
  An iguana (D:4)
  6 orc wizards
  Natasha (D:2)
  A worker ant (D:7)
  4 adders
  4 gnolls
  An adder skeleton (D:7)
  7 dart slugs
  3 leopard geckos
  18 orcs
  4 ball pythons
  4 giant cockroaches
  10 goblins
  14 hobgoblins
  6 jackals
  A quokka (D:3)
  12 bats
  3 frilled lizards
  A giant cockroach zombie (D:5)
  7 kobolds
  6 rats
134 creatures vanquished.

Vanquished Creatures (collateral kills)
  Grinder (D:6)
  An ogre (D:4)
  2 killer bees (D:7)
  A hound (D:6)
  2 orc wizards
  3 worker ants
  An adder (D:2)
  A shadow imp (D:6)
  3 orcs
15 creatures vanquished.

Grand Total: 149 creatures vanquished

Notes
Turn   | Place    | Note
-------+----------+-------------------------------------------
     0 | D:1      | Lanoc the Draconian Transmuter began the quest for the Orb.
     0 | D:1      | Reached XP level 1. HP: 16/16 MP: 3/3
   201 | D:1      | Reached XP level 2. HP: 23/23 MP: 5/5
   642 | D:1      | Reached XP level 3. HP: 27/28 MP: 4/6
  1387 | D:2      | Reached XP level 4. HP: 19/36 MP: 5/7
  1600 | D:2      | Learned a level 2 spell: Sticks to Snakes
  1619 | D:2      | Learned a level 4 spell: Ice Form
  2017 | D:2      | Noticed a phantom
  2099 | D:2      | Killed a phantom
  2099 | D:2      | Reached XP level 5. HP: 25/42 MP: 2/8
  2245 | D:3      | Noticed Natasha
  2263 | D:2      | Killed Natasha
  3000 | D:2      | Reached XP level 6. HP: 31/50 MP: 7/10
  3476 | D:3      | Found an opulent altar of Gozag.
  3574 | D:3      | Found a shimmering altar of Xom.
  3872 | D:3      | Found an ancient bone altar of Kikubaaqudgha.
  4165 | D:4      | Your scales start taking on a lurid green colour.
  4165 | D:4      | Reached XP level 7. HP: 27/57 MP: 6/11
  4165 | D:4      | Gained mutation: Your system is resistant to poisons.
                  | (rPois) [Green Draconian growth]
  4495 | D:4      | Reached skill level 5 in Unarmed Combat
  4872 | D:5      | Entered Level 5 of the Dungeon
  5323 | D:5      | Noticed Eustachio
  5350 | D:5      | Killed Eustachio
  5350 | D:5      | Reached skill level 5 in Transmutations
  5407 | D:5      | Noticed Blork the orc
  5421 | D:5      | Killed Blork the orc
  5426 | D:5      | Reached XP level 8. HP: 64/66 MP: 13/13
  5691 | D:5      | Found Hostrit's Food Shoppe.
  6416 | D:6      | Noticed Grinder
  6428 | D:6      | Killed Grinder
  6742 | D:6      | You fall through a shaft!
  6973 | D:7      | Found a staircase to the Ecumenical Temple.
  7043 | Temple   | Entered the Ecumenical Temple
  7236 | Temple   | Became a worshipper of Ru the Awakened
  7435 | D:6      | Gained mutation: You are dopey. (Int -2) [potion of
                  | mutation]
  7435 | D:6      | Gained mutation: Your tail ends in a poisonous barb.
                  | [potion of mutation]
  7435 | D:6      | Gained mutation: Your flesh is heat resistant. (rF+)
                  | [potion of mutation]
  7435 | D:6      | Lost mutation: You are dopey. (Int -2) [potion of mutation]
  7438 | D:6      | Slain by a centaur

Levels and vault maps discovered:
D:1:      dpeg_arrival_morbid_curiosity, layout_loops_ring, minmay_domino_4
D:2:      layout_basic
D:3:      layout_rooms, nicolae_gozag_cash_rules_everything_around_me,
          grunt_temple_overflow_open, first_ration, minivault_26, uniq_natasha
D:4:      cheibrodos_helix_gallery, layout_basic
D:5:      layout_basic, serial_shops, nicolae_shop_waterfront, uniq_eustachio,
          uniq_blork_the_orc
D:6:      layout_basic, uniq_grinder
D:7:      layout_basic, minmay_temple_entry_stoned_glass, grunt_livestock
Temple:   eino_temple_scatter_basement

Skill      XL: |  1  2  3  4  5  6  7  8 |
---------------+-------------------------+-----
Dodging        | 2 3 4 |  4.3
Transmutations | 3 4 5 6 |  6.5
Fighting       | 2 3 4 |  4.8
Unarmed Combat | 4 5 6 |  6.8
Spellcasting   | 3 4 |  4.2

Action                   |  1- 3 |  4- 6 |  7- 9 || total
-------------------------+-------+-------+-------++-------
Melee: Unarmed           |   144 |   214 |   214 ||   572
       Headbutt          |     8 |    21 |    28 ||    57
       Tailslap          |    10 |    24 |    29 ||    63
       Kick              |     7 |    14 |    21 ||    42
       Punch             |     1 |     1 |     4 ||     6
 Cast: Beastly Appendage |    19 |    29 |    24 ||    72
       Sticks to Snakes  |       |    20 |    20 ||    40
 Abil: Breathe Noxious F |       |       |    17 ||    17
  Use: Potion            |       |     3 |     5 ||     8
       Scroll            |       |     2 |       ||     2
 Stab: Confused          |       |       |     9 ||     9
       Distracted        |       |       |     1 ||     1
  Eat: Chunk             |     2 |    11 |    13 ||    26
       Ration            |       |       |     1 ||     1
Armor: Skin              |    42 |    57 |    53 ||   152
Dodge: Dodged            |   117 |   156 |   165 ||   438

Table legend:
 A = Non-vault XP
 B = Vault XP
 C = Vault XP percentage of total XP
 D = Non-vault monster count
 E = Vault monster count
 F = Vault count percentage of total count
                 A         B        C        D         E       F
            +---------+---------+-------+---------+---------+-------
      Total |    2083 |     589 |  22.0 |     136 |      13 |   8.7
            +---------+---------+-------+---------+---------+-------
        D:1 |      49 |      12 |  19.7 |      25 |       7 |  21.9
        D:2 |     319 |      35 |   9.9 |      36 |       1 |   2.7
        D:3 |      70 |       0 |   0.0 |      23 |       0 |   0.0
        D:4 |     309 |     119 |  27.8 |      10 |       2 |  16.7
        D:5 |     459 |     278 |  37.7 |      18 |       2 |  10.0
        D:6 |     303 |     145 |  32.4 |      12 |       1 |   7.7
        D:7 |     574 |       0 |   0.0 |      12 |       0 |   0.0
            +---------+---------+-------+---------+---------+-------
